 Dungeon Crawl Stone Soup version 0.30.1-3-gfc49f6343a (webtiles) character file.

Game seed: 11521400814603976998

541 Bronimir the Chopper (level 7, -1/54 HPs)
             Began as a Demonspawn Berserker on July 29, 2023.
             Was a Priest of Trog.
             Slain by a water moccasin (5 damage)
             ... on level 5 of the Dungeon.
             The game lasted 00:10:12 (4887 turns).

Bronimir the Chopper (Demonspawn Berserker)         Turns: 4887, Time: 00:10:14

Health: -1/54      AC: 12    Str: 20    XL:     7   Next: 5%
Magic:  7/7        EV: 10    Int:  8    God:    Trog [***...]
Gold:   248        SH:  5    Dex: 12    Spells: 6/6 levels left

rFire   + . .        B - +0 war axe
rCold   x . .        p - orb {*Rage}
rNeg    . . .        y - +0 scale mail
rPois   +            C - +1 helmet
rElec   .            (no cloak)
rCorr   .            (no gloves)
SInv    .            (no boots)
Will    ++...        v - amulet of reflection Stlth
                     r - ring of fire
HPRegen 1.29/turn    u - ring of poison resistance
MPRegen 0.10/turn

%: random rage (20%), reflection
@: lethally poisoned (-1 -> -3), strong-willed, on berserk cooldown,
regenerating, slowed, very slow
A: slimy green scales 2, demonic guardian 1, foul stench 1, demonic touch 1
a: Renounce Religion, Berserk, Trog's Hand


You were on level 5 of the Dungeon.
You worshipped Trog.
Trog was most pleased with you.
You visited 1 branch of the dungeon, and saw 5 of its levels.

You collected 248 gold pieces.

Inventory:

Hand Weapons
 a - a +0 hand axe
 B - a +0 war axe (weapon)
Armour
 c - a +0 ring mail
 p - an orb of wrath (worn)
 y - a +0 scale mail (worn)
 C - a +1 helmet (worn)
Jewellery
 r - a ring of fire (left hand)
 u - a ring of poison resistance (right hand)
 v - an amulet of reflection (around neck)
 D - a ring of fire
Wands
 z - a wand of flame (13)
Scrolls
 d - 12 scrolls of identify
 e - a scroll of acquirement {unknown}
 f - a scroll of noise {unknown}
 g - 3 scrolls of teleportation
 k - 2 scrolls of amnesia {unknown}
 l - a scroll of enchant armour {unknown}
 o - a scroll of magic mapping {unknown}
 s - 2 scrolls of fog {unknown}
 x - 2 scrolls of fear {unknown}
 A - a scroll of enchant weapon {unknown}
Potions
 b - 2 potions of lignification {unknown}
 h - 2 potions of berserk rage
 i - a potion of resistance {unknown}
 j - 3 potions of might
 m - a potion of haste {unknown}
 n - 2 potions of heal wounds {unknown}
 q - a potion of invisibility {unknown}
 t - a potion of curing {unknown}
 w - a potion of attraction {unknown}


   Skills:
 + Level 4.2 Fighting
 * Level 5.6 Axes
 * Level 3.8 Armour
 + Level 2.2 Dodging
 + Level 0.1 Stealth
 + Level 0.1 Shields


You had 6 spell levels left.
You didn't know any spells.
Your spell library was empty.

Dungeon Overview and Level Annotations

Branches:
Dungeon (5/15)
 Temple: D:4-7

Altars:

Annotations:
D:3 2 transporters, sakkuzi's ghost, amateur MiBe


Innate Abilities, Weirdness & Mutations

You are mostly covered in slimy green scales. (AC +3)
A weak demonic guardian rushes to your aid.
You may rarely emit foul miasma when damaged in melee.
Your touch may inflict minor irresistible damage on your foes.


Message History

The water moccasin bites you but does no damage.
You barely miss the water moccasin.
The water moccasin is moderately wounded.
The water moccasin bites you.
The water moccasin bites you but does no damage.
The water moccasin misses you.
You closely miss the water moccasin.
The water moccasin is moderately wounded.
The water moccasin bites you but does no damage. x2
You miss the water moccasin.
The water moccasin is moderately wounded.
You block the water moccasin's attack. The water moccasin bites you. x2
You are too injured to fight recklessly!
You hit the water moccasin.
The water moccasin is moderately wounded.
The water moccasin closely misses you. The water moccasin bites you!
* * * LOW HITPOINT WARNING * * *
You slash the water moccasin!
The water moccasin is heavily wounded.
The water moccasin bites you.
* * * LOW HITPOINT WARNING * * *
The water moccasin bites you.
* * * LOW HITPOINT WARNING * * *
The water moccasin closely misses you.
You're still recovering from your berserk rage.
You barely miss the water moccasin.
The water moccasin is heavily wounded.
The water moccasin bites you.
* * * LOW HITPOINT WARNING * * *
A demonic guardian appears!
You are lethally poisoned!
The water moccasin poisons you!
The water moccasin bites you but does no damage.
Your skin crawls.
You feel strong-willed.
* * * LOW HITPOINT WARNING * * *
You feel very sick.
The water moccasin bites you but does no damage.
The water moccasin bites you.
You die...

...............#
..............##
.............## #
.........#..## ##P
........##...# ##..
........##....##..#
.....<.##.........##
...... ........S5.#
.... ........@.#
##~≈ ..........##
#≈≈# .).###.)....#
≈≈#≈ ... ####...#
≈≈≈≈≈##.# #......#
#≈≈≈#≈~.# ##.####.#
≈≈≈≈≈≈#.####..# ##
#≈≈#≈##.##...##
≈≈≈≈≈#..##.###


You could see a water moccasin (ally target) and a friendly quasit (summoned).

Vanquished Creatures
  An ogre (D:5)
  A scorpion (D:5)
  2 hounds (D:5)
  3 orc priests
  3 iguanas (D:4)
  An orc wizard (D:3)
  A gnoll (D:1)
  3 adders
  3 worms
  A dart slug (D:1)
  14 orcs
  7 endoplasms
  7 hobgoblins
  5 jackals
  3 quokkas (D:1)
  5 bats
  4 frilled lizards
  10 goblins
  6 kobolds
  A rat (D:2)
81 creatures vanquished.

Vanquished Creatures (collateral kills)
  An adder (D:2)
  An endoplasm (D:1)
  2 kobolds
  A rat (D:1)
5 creatures vanquished.

Grand Total: 86 creatures vanquished

Notes
Turn   | Place    | Note
-------+----------+-------------------------------------------
     0 | D:1      | Bronimir the Demonspawn Berserker began the quest for the
                  | Orb.
     0 | D:1      | Reached XP level 1. HP: 18/18 MP: 1/1
   189 | D:1      | Reached skill level 3 in Axes
   208 | D:1      | Gained mutation: A weak demonic guardian rushes to your
                  | aid. [demonic ancestry]
   208 | D:1      | Reached XP level 2. HP: 20/24 MP: 2/2
   376 | D:1      | Gained mutation: Your touch may inflict minor irresistible
                  | damage on your foes. [demonic ancestry]
   376 | D:1      | Reached XP level 3. HP: 21/29 MP: 3/3
   467 | D:1      | Reached ** piety under Trog
  1422 | D:2      | Gained mutation: You are partially covered in slimy green
                  | scales. (AC +2) [demonic ancestry]
  1422 | D:2      | Reached XP level 4. HP: 23/35 MP: 4/4
  2104 | D:3      | Found a transporter.
  2105 | D:3      | Noticed sakkuzi's ghost (amateur MiBe)
  2105 | D:3      | Identified the +4 dire flail of Hukoti Guarph {drain, rF-
                  | Dex+4 Stlth+}
  2105 | D:3      | Noticed an ogre
  2106 | D:3      | Found a transporter.
  2106 | D:3      | Noticed an ogre
  2632 | D:3      | HP: 2/52 [orc priest/divine providence (15)]
  2640 | D:3      | Reached skill level 4 in Axes
  2640 | D:3      | Gained mutation: You are mostly covered in slimy green
                  | scales. (AC +3) [demonic ancestry]
  2640 | D:3      | Reached XP level 5. HP: 5/41 MP: 5/5
  2980 | D:3      | Reached *** piety under Trog
  3583 | D:4      | Reached XP level 6. HP: 48/48 MP: 6/6
  3711 | D:4      | Reached skill level 5 in Axes
  4667 | D:5      | Entered Level 5 of the Dungeon
  4864 | D:5      | Gained mutation: You may rarely emit foul miasma when
                  | damaged in melee. [demonic ancestry]
  4864 | D:5      | Reached XP level 7. HP: 54/54 MP: 7/7
  4887 | D:5      | Slain by a water moccasin

Illustrated notes

Levels and vault maps discovered:
D:1:      wheals_arrival_linesprint, layout_basic, serial_bayou,
          serial_bayou_shore_a, serial_bayou_ford_a, serial_bayou_crossing,
          serial_bayou_pond_d, serial_bayou_pond_d, st_stairs_1
D:2:      layout_basic
D:3:      layout_basic, serial_forest, infiniplex_forest_lined_1,
          infiniplex_forest_zigzag_2, infiniplex_forest_split,
          infiniplex_forest_fountain, infiniplex_forest_clump_long,
          infiniplex_forest_clump_double, infiniplex_forest_lined_room_3,
          gammafunk_ghost_smash, minmay_box_of_dots
D:4:      corexii_shack_village, layout_layer_cave
D:5:      layout_layer_cave, gammafunk_temple_overflow_elements, serial_shops,
          shop, minivault_4, minmay_misc_feat_tower, dreamdust_princess_bridge

Skill      XL: |  1  2  3  4  5  6 |
---------------+-------------------+-----
Axes           | 3 4 5 |  5.6
Armour         | 2 3 |  3.8
Dodging        | 2 |  2.2
Fighting       | 4 |  4.2
Stealth        | |  0.1
Shields        | |  0.1

Action                     |  1- 3 |  4- 6 |  7- 9 || total
---------------------------+-------+-------+-------++-------
  Melee: Hand axe          |   131 |   121 |       ||   252
         Punch             |     2 |       |       ||     2
         Touch             |     5 |       |       ||     5
         War axe           |       |    29 |    13 ||    42
 Invoke: Berserk           |       |     1 |       ||     1
         Trog's Hand       |       |       |     1 ||     1
    Use: Scroll            |       |     3 |       ||     3
 Armour: Ring mail         |    44 |    41 |       ||    85
         Scale mail        |       |    18 |    12 ||    30
  Dodge: Dodged            |    82 |    46 |     5 ||   133
  Block: Orb               |       |    12 |     5 ||    17
